 Dungeon Crawl Stone Soup version 0.19.0-20-gbc5f0c6 (webtiles) character file.

324 GordonOverkill the Cudgeler (level 6, -1/66 HPs)
             Began as an Ogre Hunter on Nov 17, 2016.
             Slain by a bullfrog (9 damage)
             ... on level 4 of the Dungeon.
             The game lasted 00:06:26 (4026 turns).

GordonOverkill the Cudgeler (Ogre Hunter)           Turns: 4026, Time: 00:06:26

Health: -1/66      AC:  3    Str: 20    XL:     6   Next: 48%
Magic:  6/6        EV: 10    Int: 10    God:
Gold:   98         SH:  0    Dex: 10    Spells: 0 memorised, 5 levels left

rFire  . . .     SeeInvis .     i - +0 flail
rCold  . . .     Gourm    .     b - +0 robe
rNeg   . . .     Faith    .     (no shield)
rPois  .         Spirit   .     (helmet restricted)
rElec  .         Reflect  .     (no cloak)
rCorr  .         Harm     .     (gloves unavailable)
MR     .....                    (boots unavailable)
Stlth  +.........               k - amulet of rage
                                (no ring)
                                (no ring)

@: no status effects
A: unfitting armour, tough skin 1
a: Evoke Berserk Rage


You were on level 4 of the Dungeon.
You were hungry.

You visited 1 branch of the dungeon, and saw 4 of its levels.

You collected 98 gold pieces.

Inventory:

Hand Weapons
 i - a +0 flail (weapon)
Missiles
 c - a large rock (quivered)
Armour
 b - a +0 robe (worn)
Jewellery
 k - an amulet of rage (around neck)
Scrolls
 a - a scroll of teleportation {unknown}
 g - a scroll of identify {unknown}
 h - a scroll of blinking {unknown}
 m - a scroll of fear {unknown}
 o - a scroll of enchant weapon {unknown}
Potions
 e - a potion of brilliance {unknown}
Books
 j - a book of Misfortune

   Spells                             Type                      Level
   a - Confusing Touch                Hexes                        1
   b - Confuse                        Hexes                        3
   c - Gell's Gravitas                Hexes/Translocation          3
   d - Petrify                        Transmutation/Earth          4
   e - Metabolic Englaciation         Hexes/Ice                    5
   f - Yara's Violent Unravelling     Hexes/Transmutation          5
Comestibles
 f - 2 bread rations
 l - a meat ration
 n - a beef jerky


   Skills:
 + Level 5.4 Fighting
 * Level 6.6 Maces & Flails
 - Level 4.0 Throwing
 - Level 1.7 Dodging
 - Level 0.6 Stealth


You had 5 spell levels left.
You didn't know any spells.

Dungeon Overview and Level Annotations

Branches:
Dungeon (4/15)
 Temple: D:4-7

Altars:
Kikubaaqudgha

Annotations:
D:4 1 runed door


Innate Abilities, Weirdness & Mutations

You are too large for most types of armour.
You have tough skin. (AC +1)


Message History

You barely miss the bullfrog.
The bullfrog is heavily wounded.
The bullfrog hits you but does no damage.
You barely miss the bullfrog.
The bullfrog is heavily wounded.
The bullfrog barely misses you. The bullfrog hits you!
* * * LOW HITPOINT WARNING * * *
You hit the bullfrog.
The bullfrog is severely wounded.
The bullfrog closely misses you. The bullfrog barely misses you.
You barely miss the bullfrog.
The bullfrog is severely wounded.
The bullfrog hits you.
* * * LOW HITPOINT WARNING * * *
You hit the bullfrog but do no damage.
The bullfrog is severely wounded.
The bullfrog hits you.
* * * LOW HITPOINT WARNING * * *
The bullfrog hits you!
You die...

##############
#.....(......#
#...@........#
#....F.......#
#............#
#...........>.
#....))....)..
######)########
#.[......#
#........#
#######........#


You could see a bullfrog.

Vanquished Creatures
  2 orc priests (D:4)
  A hound (D:4)
  An orc wizard (D:4)
  9 adders
  7 worms
  2 dart slugs (D:1)
  6 leopard geckos
  6 orcs
  A ball python (D:3)
  16 bats
  2 giant cockroaches (D:2)
  7 goblins
  9 hobgoblins
  8 jackals
  A quokka (D:3)
  3 frilled lizards (D:1)
  8 kobolds
  6 rats
95 creatures vanquished.

Notes
Turn   | Place    | Note
-------+----------+-------------------------------------------
     0 | D:1      | GordonOverkill the Ogre Hunter began the quest for the Orb.
     0 | D:1      | Reached XP level 1. HP: 22/22 MP: 1/1
   119 | D:1      | Reached skill level 1 in Maces & Flails
   304 | D:1      | Reached XP level 2. HP: 20/31 MP: 2/2
   577 | D:1      | Reached skill level 2 in Maces & Flails
   688 | D:1      | Reached XP level 3. HP: 21/37 MP: 3/3
  1156 | D:1      | Reached skill level 3 in Maces & Flails
  1355 | D:2      | Reached XP level 4. HP: 46/48 MP: 4/4
  1641 | D:2      | Found an ancient bone altar of Kikubaaqudgha.
  1804 | D:2      | Reached skill level 4 in Maces & Flails
  2295 | D:3      | Reached XP level 5. HP: 49/55 MP: 5/5
  2338 | D:3      | Reached skill level 5 in Maces & Flails
  3618 | D:4      | Reached skill level 5 in Fighting
  3667 | D:4      | Found a runed door.
  3696 | D:4      | Reached XP level 6. HP: 60/66 MP: 6/6
  3702 | D:4      | Reached skill level 6 in Maces & Flails
  4026 | D:4      | Slain by a bullfrog

Skill      XL: |  1  2  3  4  5  6 |
---------------+-------------------+-----
Fighting       | 3 4 5 |  5.4
Maces & Flails | 1 2 3 4 5 6 |  6.6
Throwing       | |  4.0
Dodging        | |  1.7
Stealth        | |  0.6

Action                   |  1- 3 |  4- 6 || total
-------------------------+-------+-------++-------
Melee: Club              |   127 |   138 ||   265
       Short sword       |     7 |       ||     7
       Flail             |       |    90 ||    90
Throw: Large rock        |     7 |    33 ||    40
       Throwing net      |       |     2 ||     2
  Use: Potion            |       |     2 ||     2
 Stab: Distracted        |       |     1 ||     1
  Eat: Chunk             |     1 |     9 ||    10
Armor: Robe              |    84 |    81 ||   165
Dodge: Dodged            |   125 |   169 ||   294
